 Dungeon Crawl Stone Soup version 0.30.0-29-ga12c61a403 (webtiles) character file.

Game seed: 7661225155624569712

1270 qw the Chopper (level 8, -1/49 HPs)
             Began as a Gargoyle Fighter on June 5, 2023.
             Was an Initiate of Okawaru.
             Slain by Grinder (3 damage)
             ... on level 6 of the Dungeon.
             The game lasted 00:02:24 (5594 turns).

qw the Chopper (Gargoyle Fighter)                   Turns: 5594, Time: 00:02:24

Health: -1/49      AC:  0    Str: 22    XL:     8   Next: 53%
Magic:  8/8        EV: 18    Int:  9    God:    Okawaru [......]
Gold:   221        SH:  5    Dex: 14    Spells: 7/7 levels left

rFire   . . .        Y - melded +1 war axe (protect)
rCold   . . .        c - melded +0 buckler
rNeg    + . .        l - melded +0 plate armour
rPois   inf          (helmet currently unavailable)
rElec   .            (cloak currently unavailable)
rCorr   .            (gloves currently unavailable)
SInv    .            (boots currently unavailable)
Will    .....        m - amulet of reflection
Stlth   +            (ring currently unavailable)
HPRegen 0.28/turn    (ring currently unavailable)
MPRegen 0.11/turn

%: reflection
@: bat-form (expiring), flying, very quick
A: fast, flying, no casting, sickness immunity, AC +5, tiny, negative energy
resistance 1, (electricity resistance), torment resistance 1, petrification
resistance
a: Renounce Religion


You were on level 6 of the Dungeon.
You worshipped Okawaru.
Okawaru was noncommittal.
You were a bat.
You visited 2 branches of the dungeon, and saw 7 of its levels.

You collected 221 gold pieces.


Innate Abilities, Weirdness & Mutations

You are a bat.
You are tiny and dextrous.
You move quickly.
You are flying.
Your equipment is almost entirely melded.
You are incapable of wielding weapons or throwing items.
You cannot cast spells.
You are immune to sickness and miasma.
((Your stone body is resilient. (AC +5)))
You are immune to poison.
You resist negative energy. (rN+)
((You are resistant to electric shocks. (rElec)))
You are resistant to unholy torment.
You are immune to petrification.


   Skills:
 - Level 5.2 Fighting
 + Level 7.8 Axes
 - Level 2.0 Throwing
 - Level 4.4 Armour
 - Level 1.0 Dodging
 - Level 3.2 Shields
 - Level 0.1 Invocations


You had 7 spell levels left.
You didn't know any spells.
Your spell library was empty.

Inventory:

Hand Weapons
 o - a +0 flail of draining
 Y - a +1 war axe of protection (melded)
Missiles
 g - 7 javelins
 j - 3 boomerangs
Armour
 c - a +0 buckler (melded)
 l - a +0 plate armour (melded)
Jewellery
 m - an amulet of reflection (around neck)
Scrolls
 a - 2 scrolls of identify
Potions
 d - 2 potions of might
 h - 3 potions of lignification
 i - 3 potions of curing
 k - 2 potions of mutation

Dungeon Overview and Level Annotations

Branches:
Dungeon (6/15)             Temple (1/1) D:6

Altars:
Ashenzari
Cheibriados
Elyvilon
Gozag
Kikubaaqudgha
Makhleb
Nemelex Xobeh
Okawaru
Qazlal
Ru
Sif Muna
Trog
Uskayaw
Vehumet
Wu Jian
Xom
Zin
The Shining One

Annotations:
D:4 1 runed translucent door, Crazy Yiuf
D:6 Grinder


Message History

You hit Grinder but do no damage. Grinder misses you.
You hit Grinder.
Grinder is lightly wounded.
Grinder gestures at you. You resist with some effort.
You hit Grinder but do no damage.
Grinder is lightly wounded.
You hit Grinder but do no damage.
Grinder is lightly wounded.
Grinder barely misses you.
You hit Grinder.
Grinder is lightly wounded.
Your transformation is almost over.
Grinder hits you!
You barely miss Grinder.
Grinder is lightly wounded.
Grinder closely misses you.
You hit Grinder.
Grinder is lightly wounded.
Grinder hits you!
You writhe in agony.
5588 ||| DRINKING potion of heal wounds.
You feel much better. Grinder barely misses you.
You hit Grinder.
Grinder is lightly wounded.
You hit Grinder.
Grinder is lightly wounded.
Grinder hits you!
You writhe in agony.
You barely miss Grinder.
Grinder is lightly wounded.
Grinder blinks!
Enter note:
Enter note:
Enter note:
Enter note: You hit Grinder.
Grinder is moderately wounded.
Grinder hits you!
You writhe in agony.
You die...

#....>....# #.#
#.........###.#
#.##...##..##.#
#.##...##.....#
#..........##.#
#.....#######.#
#...### #.#
#..##########.##
#..5b¤.........#
##.#############
#


You could see Grinder.

Vanquished Creatures
  2 water moccasins
  2 ice beasts (D:6)
  2 scorpions
  A crimson imp (D:5)
  A gnoll bouda (D:6)
  A hound (D:4)
  3 jellies
  3 orc priests
  2 sleepcaps
  2 orc wizards (D:5)
  Natasha (thrice) (D:3)
  2 iguanas
  3 gnolls (D:6)
  4 river rats (D:5)
  5 adders
  4 white imps
  2 ufetubi (D:5)
  2 worms
  3 dart slugs
  16 orcs
  10 ball pythons
  4 endoplasms
  4 giant cockroaches
  3 goblins
  3 hobgoblins
  2 jackals (D:3)
  4 quokkas
  7 bats
  A frilled lizard (D:2)
  5 kobolds
  10 rats
116 creatures vanquished.

Notes
Turn   | Place    | Note
-------+----------+-------------------------------------------
     0 | D:1      | qw the Gargoyle Fighter began the quest for the Orb.
     0 | D:1      | Reached XP level 1. HP: 14/14 MP: 1/1
     0 | D:1      | 0 ||| qw: Version: 0.2-a-108-gee2c290
     0 | D:1      | 0 ||| qw: Game counter: 1439
     0 | D:1      | 0 ||| qw: Always use a shield: true
     0 | D:1      | 0 ||| qw: God list: Okawaru
     0 | D:1      | 0 ||| qw: Allow faded altars: false
     0 | D:1      | 0 ||| qw: Do Orc after D:15 true
     0 | D:1      | 0 ||| qw: Do second Lair branch before Depths: true
     0 | D:1      | 0 ||| qw: Lair rune preference: random
     0 | D:1      | 0 ||| qw: Plans: Normal, Zot:1-4, Slime:5, God:TSO, Crypt,
                  | Tomb, Abyss, Pan, Hells, Win
     0 | D:1      | 0 ||| PLANNING D:1-11
    86 | D:1      | Reached skill level 2 in Axes
   194 | D:1      | 194 ||| Stepping ~*~*~tactically~*~*~ (hiding).
   364 | D:1      | Reached XP level 2. HP: 19/19 MP: 2/2
   509 | D:1      | 509 ||| Stepping ~*~*~tactically~*~*~ (hiding).
   511 | D:1      | 511 ||| Stepping ~*~*~tactically~*~*~ (hiding).
  1111 | D:1      | 1111 ||| READING 3 scrolls labelled UTECAVIDGHIMY.
  1112 | D:1      | 1112 ||| READING scroll labelled UDESKU SOTAOZI.
  1113 | D:1      | 1113 ||| READING 2 scrolls of identify.
  1113 | D:1      | 1113 ||| IDENTIFYING yellow potion
  1114 | D:1      | 1114 ||| DROPPING potion of flight.
  1202 | D:2      | Reached skill level 3 in Axes
  1290 | D:2      | 1290 ||| Stepping ~*~*~tactically~*~*~ (hiding).
  1292 | D:2      | 1292 ||| Stepping ~*~*~tactically~*~*~ (hiding).
  1300 | D:2      | Reached XP level 3. HP: 23/23 MP: 3/3
  1344 | D:2      | 1344 ||| FLEEEEING.
  1577 | D:2      | Reached skill level 1 in Throwing
  1677 | D:2      | Found a faded altar of an unknown god.
  1941 | D:2      | 1941 ||| READING 3 scrolls labelled TITUGGICIN.
  1956 | D:2      | 1956 ||| READING scroll labelled TAVAUK PIRHEQI.
  1957 | D:2      | 1957 ||| READING scroll labelled JAZUGECWODUCK.
  1958 | D:2      | 1958 ||| READING scroll labelled QEB HOXILACH.
  1959 | D:2      | 1959 ||| READING 3 scrolls of identify.
  1959 | D:2      | 1959 ||| IDENTIFYING bubbling sapphire potion
  1960 | D:2      | 1960 ||| READING 2 scrolls of identify.
  1960 | D:2      | 1960 ||| IDENTIFYING green potion
  1961 | D:2      | 1961 ||| DROPPING 2 scrolls of torment.
  2012 | D:3      | Noticed Natasha
  2023 | D:3      | Killed Natasha
  2024 | D:3      | Reached XP level 4. HP: 17/28 MP: 4/4
  2046 | D:3      | 2046 ||| FLEEEEING.
  2047 | D:3      | 2047 ||| FLEEEEING.
  2049 | D:3      | 2049 ||| STAIRDANCE
  2138 | D:3      | Reached skill level 4 in Axes
  2139 | D:3      | 2139 ||| Stepping ~*~*~tactically~*~*~ (stealth).
  2216 | D:3      | Noticed Natasha
  2231 | D:3      | Killed Natasha
  2232 | D:3      | Reached XP level 5. HP: 17/32 MP: 5/5
  2356 | D:3      | 2356 ||| Stepping ~*~*~tactically~*~*~ (stealth).
  2357 | D:3      | 2357 ||| Stepping ~*~*~tactically~*~*~ (stealth).
  2425 | D:3      | Noticed Natasha
  2431 | D:3      | Killed Natasha
  2941 | D:3      | 2941 ||| DRINKING 3 fuming red potions.
  2942 | D:3      | 2942 ||| READING 3 scrolls of identify.
  2942 | D:3      | 2942 ||| IDENTIFYING murky puce potion
  2976 | D:4      | Noticed a water moccasin
  2994 | D:4      | HP: 8/32 [water moccasin (2)]
  2995 | D:4      | 2995 ||| DRINKING 2 potions of heal wounds.
  3003 | D:4      | Killed a water moccasin
  3004 | D:4      | Reached skill level 5 in Axes
  3004 | D:4      | Reached XP level 6. HP: 33/37 MP: 6/6
  3024 | D:4      | HP: 9/37 [orc priest/divine providence (10)]
  3025 | D:4      | 3025 ||| DRINKING potion of heal wounds.
  3125 | D:4      | 3125 ||| DROPPING +0 club.
  3228 | D:4      | 3228 ||| Stepping ~*~*~tactically~*~*~ (stealth).
  3258 | D:4      | 3258 ||| Stepping ~*~*~tactically~*~*~ (hiding).
  3259 | D:4      | 3259 ||| Stepping ~*~*~tactically~*~*~ (hiding).
  3406 | D:4      | Reached skill level 1 in Dodging
  3436 | D:4      | Reached XP level 7. HP: 44/44 MP: 7/7
  3437 | D:4      | 3437 ||| Stepping ~*~*~tactically~*~*~ (stealth).
  3568 | D:4      | Found a runed translucent door.
  3569 | D:4      | Noticed Crazy Yiuf
  3572 | D:4      | 3572 ||| DROPPING amulet of magic regeneration.
  3573 | D:4      | 3573 ||| UPGRADING to amulet of reflection.
  3578 | D:4      | 3578 ||| DROPPING ring of flight.
  3603 | D:5      | Entered Level 5 of the Dungeon
  3604 | D:5      | 3604 ||| PLANNING SEWER
  3616 | D:5      | Reached skill level 6 in Axes
  3777 | D:5      | 3777 ||| Stepping ~*~*~tactically~*~*~ (stealth).
  3778 | D:5      | 3778 ||| Stepping ~*~*~tactically~*~*~ (stealth).
  3779 | D:5      | 3779 ||| Stepping ~*~*~tactically~*~*~ (stealth).
  3780 | D:5      | 3780 ||| Stepping ~*~*~tactically~*~*~ (stealth).
  3781 | D:5      | 3781 ||| Stepping ~*~*~tactically~*~*~ (stealth).
  3782 | D:5      | 3782 ||| Stepping ~*~*~tactically~*~*~ (stealth).
  3880 | D:5      | Found a burning altar of Makhleb.
  3881 | D:5      | Found a shimmering altar of Xom.
  3969 | D:5      | HP: 9/44 [orc priest/divine providence (12)]
  3974 | D:5      | Reached skill level 7 in Axes
  4003 | D:5      | 4003 ||| FLEEEEING.
  4004 | D:5      | 4004 ||| FLEEEEING.
  4005 | D:5      | 4005 ||| FLEEEEING.
  4006 | D:5      | 4006 ||| FLEEEEING.
  4007 | D:5      | 4007 ||| FLEEEEING.
  4008 | D:5      | 4008 ||| FLEEEEING.
  4009 | D:5      | 4009 ||| FLEEEEING.
  4010 | D:5      | 4010 ||| FLEEEEING.
  4142 | D:5      | 4142 ||| DROPPING +0 flail.
  4301 | D:5      | 4301 ||| RIP SEWER
  4334 | D:5      | 4334 ||| PLANNING D:1-11
  4533 | D:5      | 4533 ||| Stepping ~*~*~tactically~*~*~ (stealth).
  4534 | D:5      | 4534 ||| Stepping ~*~*~tactically~*~*~ (stealth).
  4536 | D:5      | 4536 ||| Stepping ~*~*~tactically~*~*~ (stealth).
  4553 | D:5      | Reached XP level 8. HP: 48/49 MP: 8/8
  4608 | D:5      | 4608 ||| UPGRADING to +0 plate armour.
  4618 | D:5      | 4618 ||| DROPPING +0 scale mail.
  4619 | D:5      | 4619 ||| READING scroll labelled MIRURA PUIS.
  4620 | D:5      | 4620 ||| READING 3 scrolls of identify.
  4620 | D:5      | 4620 ||| IDENTIFYING viscous blue potion
  4621 | D:5      | 4621 ||| DROPPING potion of brilliance.
  4665 | D:6      | Found a staircase to the Ecumenical Temple.
  4666 | D:6      | 4666 ||| PLANNING TEMPLE
  4675 | Temple   | Entered the Ecumenical Temple
  4729 | Temple   | 4729 ||| PLANNING OKAWARU WORSHIP
  4796 | Temple   | Became a worshipper of Warmaster Okawaru
  4796 | Temple   | 4796 ||| PLANNING D:1-11
  4941 | D:6      | Found a bloodstained altar of Trog.
  5020 | D:6      | Found a snail-covered altar of Cheibriados.
  5021 | D:6      | 5021 ||| Stepping ~*~*~tactically~*~*~ (hiding).
  5022 | D:6      | 5022 ||| Stepping ~*~*~tactically~*~*~ (hiding).
  5023 | D:6      | 5023 ||| Stepping ~*~*~tactically~*~*~ (hiding).
  5039 | D:6      | Found an ornate altar of the Wu Jian Council.
  5039 | D:6      | Found a sacrificial altar of Ru.
  5040 | D:6      | 5040 ||| Stepping ~*~*~tactically~*~*~ (hiding).
  5152 | D:6      | Found a radiant altar of Vehumet.
  5317 | D:6      | Reached * piety under Okawaru
  5324 | D:6      | 5324 ||| Stepping ~*~*~tactically~*~*~ (hiding).
  5327 | D:6      | 5327 ||| Stepping ~*~*~tactically~*~*~ (hiding).
  5328 | D:6      | 5328 ||| Stepping ~*~*~tactically~*~*~ (hiding).
  5329 | D:6      | 5329 ||| Stepping ~*~*~tactically~*~*~ (hiding).
  5330 | D:6      | 5330 ||| Stepping ~*~*~tactically~*~*~ (hiding).
  5478 | D:6      | Found a glowing golden altar of the Shining One.
  5479 | D:6      | Found a glowing silver altar of Zin.
  5479 | D:6      | Found a white marble altar of Elyvilon.
  5561 | D:6      | Noticed Grinder
  5565 | D:6      | 5565 ||| INVOKING Heroism.
  5565 | D:6      | Paralysed by Grinder for 3 turns
  5569 | D:6      | Paralysed by Grinder for 3 turns
  5587 | D:6      | HP: 7/49 [Grinder (11)]
  5588 | D:6      | 5588 ||| DRINKING potion of heal wounds.
  5594 | D:6      | HP: 2/49 [Grinder (8)]
  5594 | D:6      | Slain by Grinder

Levels and vault maps discovered:
D:1:      matt_arrival_spirals, layout_basic, kennysheep_another_room
D:2:      layout_loops_ring, ebering_ecumenical_altar_webs,
          dreamdust_princess_bridge, bh_walls_and_bars
D:3:      layout_loops_ring, uniq_natasha
D:4:      cheibrodos_pilgrimage, layout_rooms, uniq_crazy_yiuf_cottage
D:5:      layout_loops_ring, grunt_temple_overflow_champion_of_chaos,
          portal_sewer_entry_e, patterned_corridor
D:6:      layout_basic, dreamdust_divine_triumvirate,
          nicolae_overflow_hallway_of_the_gods,
          minmay_temple_entry_stoned_glass, uniq_grinder
Temple:   nicolae_temple_two_arcs

Skill      XL: |  1  2  3  4  5  6  7  8 |
---------------+-------------------------+-----
Axes           | 2 3 4 5 7 |  7.8
Throwing       | 1 2 |  2.0
Fighting       | 4 5 |  5.2
Dodging        | 1 |  1.0
Armour         | 4 |  4.4
Shields        | |  3.2
Invocations    | |  0.1

Action                     |  1- 3 |  4- 6 |  7- 9 || total
---------------------------+-------+-------+-------++-------
  Melee: War axe           |    84 |   122 |   171 ||   377
         Unarmed           |       |       |    16 ||    16
  Throw: Javelin           |    16 |    38 |    35 ||    89
         Boomerang         |       |       |    11 ||    11
 Invoke: Heroism           |       |       |     1 ||     1
    Use: Scroll            |     9 |     1 |     2 ||    12
         Potion            |       |     3 |     1 ||     4
 Armour: Scale mail        |    61 |    66 |    58 ||   185
         Plate armour      |       |       |    23 ||    23
  Dodge: Dodged            |    47 |    59 |    59 ||   165
  Block: Buckler           |    19 |    33 |    61 ||   113
         Reflection        |       |       |     1 ||     1

Table legend:
 A = Non-vault XP
 B = Vault XP
 C = Vault XP percentage of total XP
 D = Non-vault monster count
 E = Vault monster count
 F = Vault count percentage of total count
                 A         B        C        D         E       F
            +---------+---------+-------+---------+---------+-------
      Total |    1622 |     193 |  10.6 |     101 |      15 |  12.9
            +---------+---------+-------+---------+---------+-------
        D:1 |      28 |       0 |   0.0 |      14 |       0 |   0.0
        D:2 |      21 |       0 |   0.0 |      13 |       0 |   0.0
        D:3 |     153 |      35 |  18.6 |      23 |       1 |   4.2
        D:4 |     367 |      52 |  12.4 |      16 |       5 |  23.8
        D:5 |     473 |     106 |  18.3 |      24 |       9 |  27.3
        D:6 |     580 |       0 |   0.0 |      11 |       0 |   0.0
            +---------+---------+-------+---------+---------+-------
